 Dungeon Crawl Stone Soup version 0.28-a0-1356-g2ad6d04315 (webtiles) character file.

Game seed: 14368435956166929773

135 rogsnak the Gusty (level 4, -7/30 HPs)
             Began as a Demonspawn Air Elementalist on Dec 30, 2021.
             Killed from afar by an orc wizard (10 damage)
             ... with a magic dart
             ... on level 3 of the Dungeon.
             The game lasted 00:06:04 (2389 turns).

rogsnak the Gusty (Demonspawn Air Elementalist)     Turns: 2389, Time: 00:06:05

Health: -7/30      AC:  5    Str:  8    XL:     4   Next: 97%
Magic:  1/8        EV: 12    Int: 19    God:
Gold:   133        SH:  0    Dex: 13    Spells: 5/9 levels left

rFire   + . .      SeeInvis +   j - staff of conjuration
rCold   + . .      Faith    .   (no shield)
rNeg    . . .      Spirit   .   a - +0 robe
rPois   +          Reflect  .   (no helmet)
rElec   +          Harm     .   (no cloak)
rCorr   +          Rampage  .   (no gloves)
Will    .....                   (no boots)
Stlth   ++........              (no amulet)
HPRegen 0.10/turn               h - ring of see invisible
MPRegen 0.11/turn               (no ring)

@: resistant, attractive, flying
A: thin metallic scales 2, demonic touch 1
a: no special abilities


You were on level 3 of the Dungeon.
You visited 1 branch of the dungeon, and saw 3 of its levels.

You collected 133 gold pieces.

Inventory:

Hand Weapons
 d - a +0 spear
Missiles
 f - 5 boomerangs
Armour
 a - a +0 robe (worn)
Magical Staves
 j - a staff of conjuration (weapon)
Jewellery
 h - a ring of see invisible (left hand)
Scrolls
 c - 3 scrolls of identify {unknown}
 e - a scroll of fog {unknown}
 i - a scroll of noise {unknown}


   Skills:
 + Level 0.1 Fighting
 + Level 2.0 Dodging
 - Level 1.9 Stealth
 + Level 3.1 Spellcasting
 * Level 2.8 Conjurations
 + Level 3.5 Air Magic


You had 5 spell levels left.
You knew the following spells:

 Your Spells              Type           Power      Damage    Failure   Level
a - Shock                 Conj/Air       88%        1d8       4%          1
b - Swiftness             Air            16%        N/A       11%         3

Your spell library contained the following spells:

 Spells                   Type           Power      Damage    Failure   Level
 Static Discharge         Conj/Air       22%        N/A       6%          2
 Airstrike                Air            8%         N/A       34%         4
 Animate Armour           Summ/Erth      4%         N/A       83%         4
 Blade Hands              Tmut           1%         N/A       99%         5
 Iron Shot                Conj/Erth      6%         9d2       100%        6


Dungeon Overview and Level Annotations

Branches:
Dungeon (3/15)

Altars:


Innate Abilities, Weirdness & Mutations

You are mostly covered in thin metallic scales. (AC +3)
Your touch may inflict minor irresistible damage on your foes.


Message History

You feel a surge of power!
The zap hits something.
Something hits you.
Unknown command.
Unknown command.
You hit something. Something completely misses you.
You miss something.
You hear some strange, mumbled words.
A puff of flame appears from out of thin air!
The puff of flame hits you!
* * * LOW HITPOINT WARNING * * *
Something hits you but does no damage.
You aren't carrying any items that you can evoke.
Unknown command.
Okay, then.
Okay, then.
Okay, then.
Reactivating autopickup.
h - a ring of see invisible (left hand) Unknown command.
Unknown command.
You closely miss the orc wizard.
The orc wizard is heavily wounded.
The orc wizard casts a spell at you. The magic dart hits you.
* * * LOW HITPOINT WARNING * * *
Press: ? - help, v - describe, . - travel The floor.
It was a potion of resistance.
You feel protected. The orc wizard misses you.
A giant cockroach comes into view.
It was a potion of attraction.
You feel attractive to monsters.
The orc wizard hits you but does no damage.
The giant cockroach is attracted toward you.
It was a potion of flight.
You feel very buoyant.
You fly up into the air.
The orc wizard points at you and mumbles some strange words.
The magic dart hits you!
You die...

#.##### #.....#
#.....##
#......############
#.................#
#.....###.........#
#
#.#.#####.).......#
#.
#.#..ยง.B'.........#
#.
#.###)###).o@.....#
#..#.# #.#
#.........#
#.#.###.#
#.......[(#
#.......#
#.#########
##..##### #.# #..#
#.# ##>. #.# #'#.
#.# ....# #.#


You could see an orc wizard and a giant cockroach (wandering).

Vanquished Creatures
  An orc priest (D:3)
  A hound zombie (D:3)
  A hound skeleton (D:3)
  An adder (D:2)
  An adder zombie (D:3)
  2 dart slugs (D:1)
  6 orcs
  3 endoplasms
  4 giant cockroaches
  8 goblins
  3 hobgoblins
  2 jackals (D:1)
  5 kobolds
  A quokka (D:1)
  5 ball pythons
  A ball python skeleton (D:3)
  2 frilled lizards (D:2)
  6 rats
53 creatures vanquished.

Vanquished Creatures (others)
  4 withered plants (D:3)
4 creatures vanquished.

Grand Total: 57 creatures vanquished

Notes
Turn   | Place    | Note
-------+----------+-------------------------------------------
     0 | D:1      | rogsnak the Demonspawn Air Elementalist began the quest for
                  | the Orb.
     0 | D:1      | Reached XP level 1. HP: 13/13 MP: 3/3
   408 | D:1      | Gained mutation: You are partially covered in thin metallic
                  | scales. (AC +2) [demonic ancestry]
   408 | D:1      | Reached XP level 2. HP: 19/19 MP: 0/5
  1277 | D:2      | Gained mutation: You are mostly covered in thin metallic
                  | scales. (AC +3) [demonic ancestry]
  1277 | D:2      | Reached XP level 3. HP: 24/24 MP: 1/6
  2073 | D:3      | Learned a level 3 spell: Swiftness
  2140 | D:3      | Gained mutation: Your touch may inflict minor irresistible
                  | damage on your foes. [demonic ancestry]
  2140 | D:3      | Reached XP level 4. HP: 28/30 MP: 2/8
  2389 | D:3      | Killed from afar by an orc wizard

Illustrated notes

Levels and vault maps discovered:
D:1:      minmay_arrival_diagonal_passages, layout_loops_cross
D:2:      layout_rooms, hex_medium
D:3:      layout_basic, serial_undead, serial_undead_c, serial_undead_c,
          serial_undead_f, serial_undead_a, corexii_leaking_fountain,
          kennysheep_small_spiral, uniq_sigmund

Skill      XL: |  1  2  3  4 |
---------------+-------------+-----
Air Magic      | 3 |  3.5
Dodging        | 2 |  2.0
Conjurations   | 2 |  2.8
Spellcasting   | 3 |  3.1
Fighting       | |  0.1
Stealth        | |  1.9

Action                   |  1- 3 |  4- 6 || total
-------------------------+-------+-------++-------
Melee: Unarmed           |    12 |       ||    12
       Spear             |    24 |       ||    24
       Staff             |       |    14 ||    14
       Touch             |       |     3 ||     3
 Cast: Shock             |    91 |    19 ||   110
  Use: Potion            |       |     3 ||     3
Armor: Robe              |    16 |     8 ||    24
Dodge: Dodged            |    33 |    10 ||    43

Table legend: (Time is in decaauts)
 A = Elapsed time spent in this place.
 B = Non-inter-level travel time spent in this place.
 C = Inter-level travel time spent in this place.
 D = Time resting spent in this place.
 E = Time spent auto-exploring this place.
 F = Levels seen in this place.
 G = Mean time per level.
                   A        B        C        D        E       F      G
               +--------+--------+--------+--------+--------+-----+--------+
         Total |   2396 |   2368 |     28 |    550 |   1389 |   3 |  798.7 |
       Dungeon |   2396 |   2368 |     28 |    550 |   1389 |   3 |  798.7 |
               +--------+--------+--------+--------+--------+-----+--------+

Top non-repeatable levels by time:
     D:1: 1235 daAuts
     D:2: 801 daAuts
     D:3: 360 daAuts
